Map: Thunderbird LE

Players

PtitDrogo - Winner!

  • Race: Protoss Protoss
  • League: Master
  • Spawn Location: 5:00

souL

  • Race: Terran Terran
  • Spawn Location: 11:00

VOD

Have the link to the VOD?

Description

Time

  • Played on: Sept. 7, 2019, 9:51 a.m.
  • Length: 18:32
Show
View Real Time Build Order
Export as new Build Order

PtitDrogo Protoss - Winner!

Build Orders: 1 Gate Expand, Zealot Archon, Archon Drop 

Get SALT Encoding   

  12  0:00  Probe  
  13  0:12  Probe  
  14  0:17  Pylon  
  14  0:25  Probe  
  15  0:33  Probe  
  15  0:35  Gateway  
  15  0:41  Probe  
  16  0:47  Assimilator  
  17  0:51  Probe  
  18  1:03  Probe  
  19  1:15  Probe  
  20  1:26  Nexus  
  20  1:33  Cybernetics Core  
  20  1:35  Probe  
  21  1:40  Assimilator  
  21  1:47  Probe  
  21  1:51  Pylon  
  22  1:59  Stalker  
  22  2:00  Probe  
  23  2:09  Warp Gate  
  23  2:12  Probe  
  26  2:24  Probe  
  26  2:28  Robotics Facility  
  27  2:31  Stalker  
  27  2:34  Probe  
  27  2:35  Probe  
  29  2:42  Probe  
  29  2:43  Probe  
  33  2:51  Probe  
  33  2:53  Probe  
  35  3:01  Sentry  
  35  3:03  Probe  
  38  3:05  Probe  
  38  3:06  Gateway  
  38  3:08  Observer  
  38  3:10  Gateway  
  39  3:16  Probe  
  39  3:17  Probe  
  39  3:19  Pylon  
  42  3:27  Pylon  
  42  3:28  Observer, Probe  
  42  3:30  Probe  
  43  3:42  Probe  
  43  3:44  Probe  
  44  3:50  Observer, Probe  
  46  3:56  Probe  
  46  4:00  Probe  
  48  4:07  Assimilator  
  48  4:08  Nexus  
  48  4:09  Pylon, Probe, Assimilator  
  49  4:16  Twilight Council, Probe  
  48  4:17  Forge  
  48  4:18  Protoss Ground Armor Level 1  
  48  4:22  Probe  
  50  4:24  Probe  
  51  4:33  Probe  
  51  4:34  Probe  
  53  4:42  Charge  
  53  4:44  Probe  
  54  4:45  Warp Prism  
  54  4:46  Probe  
  57  4:53  Templar Archives  
  57  4:55  Gateway  
  57  4:56  Probe  
  57  4:58  Probe  
  59  5:02  Gateway  
  59  5:05  Observer  
  59  5:07  Gateway  
  59  5:10  Probe x2  
  61  5:15  Gateway  
  61  5:18  Gateway  
  61  5:21  Probe  
  61  5:24  Gateway  
  62  5:30  Probe  
  62  5:34  Probe  
  64  5:36  Probe  
  64  5:42  Probe  
  66  5:46  Probe  
  66  5:47  Pylon  
  66  5:48  Pylon, Probe  
  68  5:51  High Templar x4  
  68  5:54  Probe  
  68  5:55  Archon x2  
  68  5:56  Zealot  
  79  5:58  Pylon, Probe  
  79  6:00  Probe  
  79  6:03  Zealot  
  83  6:06  Probe  
  84  6:17  Zealot, High Templar x2  
  90  6:19  Probe x2  
  90  6:20  Assimilator  
  90  6:21  Archon, Zealot  
  90  6:23  Zealot x4, Blink  
  90  6:24  Zealot, Assimilator  
  104  6:29  Pylon  
  104  6:31  Pylon  
  105  6:40  Probe  
  105  6:47  Protoss Ground Weapons Level 1  
  105  6:53  Probe  
  104  6:55  Zealot x3  
  104  6:56  Zealot x3, Stalker x3  
  104  6:57  Probe  
  123  7:02  Psionic Storm  
  123  7:05  Pylon  
  123  7:06  Pylon  
  121  7:11  Immortal  
  125  7:16  Observer  
  125  7:26  High Templar x2  
  129  7:34  Zealot x3  
  129  7:36  Observer  
  135  7:37  Pylon  
  135  7:39  Nexus  
  135  7:42  Immortal, Pylon  
  135  7:47  High Templar x2  
  139  7:53  Pylon  
  137  8:00  Stalker  
  137  8:01  Zealot, Stalker  
  141  8:06  Zealot x2  
  141  8:08  Probe  
  141  8:10  Probe  
  147  8:13  Zealot x2  
  147  8:16  Pylon  
  147  8:18  Pylon  
  151  8:25  Protoss Ground Weapons Level 2  
  155  8:27  Zealot, Warp Prism, High Templar x2  
  155  8:28  Zealot x2  
  155  8:31  Archon  
  163  8:35  Probe  
  163  8:36  Assimilator  
  163  8:38  Assimilator  
  163  8:40  High Templar x2  
  163  8:41  Zealot x2  
  170  8:42  Probe  
  170  8:46  Archon  
  167  8:54  Probe x2  
  167  8:57  Robotics Facility  
  167  8:59  Robotics Bay  
  167  9:06  Forge  
  167  9:10  Probe  
  167  9:11  Probe  
  167  9:18  Protoss Ground Armor Level 2  
  167  9:21  Pylon  
  167  9:28  Probe x2  
  167  9:30  Probe  
  170  9:32  Pylon  
  170  9:35  Colossus  
  170  9:36  Gateway x2  
  170  9:38  Gateway  
  170  9:45  Colossus  
  176  9:48  Extended Thermal Lance  
  182  9:57  Pylon  
  182  10:01  Pylon  
  182  10:04  Pylon  
  178  10:09  Probe  
  178  10:15  Probe  
  178  10:16  Nexus  
  178  10:18  Colossus, High Templar x4  
  178  10:19  Pylon  
  187  10:22  Assimilator  
  187  10:24  Assimilator  
  177  10:29  Probe  
  177  10:35  Colossus  
  184  10:40  Probe  
  184  10:41  Observer  
  185  10:44  Observer  
  185  10:46  Photon Cannon  
  185  10:48  Photon Cannon, Protoss Ground Weapons Level 3  
  191  10:50  Photon Cannon  
  191  10:51  Photon Cannon  
  191  10:52  Shield Battery, Photon Cannon  
  191  10:54  Shield Battery x2  
  191  10:56  Shield Battery  
  190  11:13  Observer  
  190  11:16  Probe  
  190  11:18  Stargate  
  192  11:19  Probe  
  192  11:20  High Templar x2  
  197  11:29  Observer  
  186  11:40  Probe  
  186  11:44  Archon  
  180  11:47  Protoss Shields Level 1  
  180  11:50  Zealot, Stalker x6  
  194  12:10  Fleet Beacon, Stargate  
  194  12:11  Stargate, Oracle  
  195  12:23  Assimilator  
  193  12:42  Probe  
  192  13:02  Pylon  
  198  13:23  High Templar x3  
  198  13:24  High Templar x3  
  195  13:30  Archon x2  
  195  13:31  Tempest, Nexus  
  195  13:32  Pylon  
  195  13:43  Protoss Shields Level 2  
  200  13:49  Protoss Ground Armor Level 3  
  198  13:57  Observer  
  198  14:16  Archon  
  194  14:27  High Templar  
  194  14:28  Zealot, High Templar  
  200  14:32  Archon  
  200  14:38  Probe  
  196  14:40  Probe  
  196  14:45  Archon x2  
  159  14:48  Probe, Tempest x3  
  159  14:50  Stalker x6  
  159  14:51  Stalker x4  
  181  15:07  High Templar x2  
  181  15:13  High Templar x3  
  187  15:14  Zealot x6  
  199  15:39  Archon  
  199  15:42  Colossus  
  186  15:43  Probe, Archon  
  186  15:46  Probe  
  143  15:50  Archon  
  143  15:53  Colossus  
  143  15:56  Tempest x2  
  127  15:58  Zealot, High Templar x6  
  127  15:59  Zealot x5  
  127  16:02  Tempest  
  160  16:21  High Templar  
  160  16:22  High Templar x5  
  170  16:25  Archon x2  
  170  16:26  Archon  
  170  16:30  Zealot x6  
  170  16:31  Tempest x2  
  182  16:39  Probe  
  188  16:55  Stalker x2  
  188  16:58  Stalker x8  
  191  17:03  Zealot x2  
  181  17:12  Colossus  
  169  17:27  Stalker x12  
  189  17:41  Nexus  
  189  17:51  Zealot x5  
  199  18:03  Pylon  
  194  18:17  Nexus  
  194  18:19  Zealot x4  
  186  18:20  Zealot x7  
  198  18:28  Archon  
Show
View Real Time Build Order
Export as new Build Order

souL Terran 

Build Orders: Gas First Reaper Expand 

Get SALT Encoding   

  12  0:00  SCV  
  13  0:13  SCV  
  14  0:17  Supply Depot  
  14  0:25  SCV  
  14  0:28  Refinery  
  15  0:39  SCV  
  16  0:45  Barracks  
  16  0:51  SCV  
  17  1:03  SCV  
  18  1:15  SCV  
  19  1:33  Orbital Command, Reaper  
  20  1:46  Command Center  
  20  1:57  Factory  
  20  2:00  SCV  
  21  2:07  Barracks Reactor  
  21  2:10  Supply Depot  
  21  2:14  SCV  
  22  2:26  SCV  
  23  2:38  SCV  
  24  2:47  Hellion  
  24  2:48  Hellion  
  24  2:49  Barracks Tech Lab  
  24  2:51  SCV  
  29  2:56  Supply Depot  
  29  2:58  Orbital Command  
  29  3:03  SCV  
  30  3:14  Marine x2  
  30  3:15  Cyclone  
  36  3:25  Command Center  
  36  3:26  SCV  
  36  3:29  SCV  
  37  3:35  Marine  
  37  3:38  SCV  
  37  3:41  SCV  
  37  3:42  Marine  
  37  3:48  Siege Tank  
  37  3:50  SCV  
  37  3:53  SCV  
  41  3:55  Supply Depot  
  41  3:58  Bunker, Marine  
  41  4:02  SCV, Marine  
  44  4:05  SCV  
  45  4:14  SCV  
  46  4:17  Refinery, Barracks  
  46  4:18  Barracks, SCV  
  46  4:21  Refinery  
  47  4:27  Siege Tank, Marine x2, SCV  
  54  4:31  SCV  
  54  4:36  Refinery  
  54  4:39  Orbital Command  
  54  4:40  SCV  
  54  4:43  SCV  
  56  4:52  SCV  
  57  4:55  Starport, SCV  
  57  4:56  Marine  
  57  4:57  Marine  
  60  5:04  SCV  
  60  5:05  Barracks Tech Lab x2  
  61  5:07  SCV  
  61  5:08  SCV  
  63  5:14  Engineering Bay  
  63  5:15  Engineering Bay  
  63  5:16  SCV  
  63  5:18  Orbital Command  
  63  5:20  SCV  
  63  5:21  Supply Depot  
  65  5:23  Stimpack  
  65  5:25  Marine  
  66  5:28  SCV  
  66  5:30  Siege Tank  
  66  5:31  Starport Reactor  
  66  5:32  SCV  
  71  5:37  Marine x2  
  71  5:41  SCV  
  73  5:44  Supply Depot, SCV  
  73  5:45  SCV  
  73  5:47  Supply Depot  
  73  5:48  Combat Shield  
  75  5:50  Marauder  
  75  5:53  SCV  
  75  5:56  Marauder, SCV  
  81  5:58  Terran Infantry Armor Level 1, Terran Infantry Weapons Level 1  
  81  5:59  SCV  
  81  6:01  Marine  
  83  6:05  SCV  
  83  6:09  SCV  
  85  6:12  Marauder, SCV  
  85  6:17  Marauder, Marine, SCV  
  90  6:21  SCV  
  90  6:23  Supply Depot x2  
  92  6:28  Marine  
  93  6:33  Marauder, Siege Tank  
  93  6:35  Marine  
  93  6:36  Medivac  
  93  6:39  Marauder, SCV x2  
  97  6:43  Medivac  
  97  6:46  Marine  
  100  6:51  SCV x2  
  100  6:53  Marine  
  102  6:54  Marauder  
  102  7:00  Marauder  
  102  7:01  Barracks x2  
  103  7:03  Marine, SCV x2  
  103  7:06  Medivac  
  107  7:10  Marine  
  107  7:13  Medivac, Orbital Command  
  107  7:15  SCV x2  
  111  7:16  Marauder  
  114  7:23  Marauder  
  114  7:27  SCV  
  117  7:40  Supply Depot  
  117  7:42  Supply Depot, Medivac, SCV x2, Marine, Marauder  
  117  7:43  SCV  
  125  7:47  Marauder, Medivac  
  129  7:51  Marine  
  129  7:54  SCV x2  
  132  7:58  Barracks Reactor  
  132  7:59  Barracks Tech Lab  
  132  8:04  Marauder  
  132  8:05  Ghost Academy  
  134  8:08  Supply Depot, Refinery  
  134  8:09  Supply Depot, Refinery, Marauder  
  134  8:12  Marine  
  137  8:16  Marine  
  137  8:18  Medivac  
  137  8:19  Medivac  
  142  8:25  Marauder  
  142  8:26  Marine  
  144  8:30  Marauder  
  144  8:33  Command Center  
  146  8:34  Enhanced Shockwaves  
  146  8:35  SCV  
  146  8:37  SCV x2  
  149  8:42  Armory  
  149  8:48  Concussive Shells  
  149  8:53  Ghost  
  149  8:54  Marine  
  149  8:55  Sensor Tower, Marine x4  
  156  8:56  Marine  
  156  8:59  SCV x3  
  160  9:11  SCV  
  160  9:13  Ghost x2, Missile Turret x2  
  160  9:14  Missile Turret  
  163  9:18  SCV  
  164  9:29  Supply Depot x2  
  164  9:30  Ghost  
  166  9:34  Terran Infantry Weapons Level 2  
  166  9:35  SCV  
  167  9:41  Terran Infantry Armor Level 2, Refinery  
  167  9:42  SCV  
  167  9:43  SCV  
  169  9:46  Refinery  
  169  9:48  SCV  
  170  9:53  Missile Turret x2  
  170  9:55  Missile Turret  
  170  9:57  Ghost  
  170  9:58  Ghost  
  174  10:03  Sensor Tower  
  170  10:08  Missile Turret  
  170  10:09  Ghost, SCV  
  170  10:12  Planetary Fortress  
  171  10:14  SCV  
  171  10:16  SCV  
  174  10:21  SCV  
  174  10:25  Ghost  
  174  10:26  Ghost  
  177  10:36  Command Center  
  177  10:37  Starport, Viking  
  177  10:39  Viking  
  177  10:40  Factory Reactor  
  181  10:47  Command Center  
  181  10:52  Ghost  
  181  10:54  Ghost  
  181  10:57  Terran Ship Weapons Level 1  
  184  11:06  Ghost, Barracks  
  184  11:07  Barracks  
  184  11:08  Barracks  
  184  11:10  Viking  
  187  11:14  Viking  
  191  11:25  Command Center  
  192  11:45  Viking x3  
  200  11:48  Viking  
  200  11:53  Terran Infantry Weapons Level 3  
  196  11:55  Personal Cloaking  
  196  11:56  Ghost Academy  
  196  11:57  Ghost Academy, Command Center  
  196  11:59  Barracks Tech Lab x3  
  196  12:02  Orbital Command  
  196  12:14  Sensor Tower, Viking  
  198  12:16  Viking  
  199  12:27  Refinery  
  199  12:28  Refinery  
  197  12:32  Viking  
  197  12:35  SCV x2  
  199  12:42  Viking  
  199  12:44  Marine  
  199  12:51  Planetary Fortress  
  199  12:52  Marine  
  200  13:01  Barracks Tech Lab  
  200  13:05  Bunker x3  
  197  13:13  Marauder, Marine  
  197  13:14  Sensor Tower, Missile Turret  
  200  13:21  Barracks Tech Lab, Nuke  
  200  13:22  Nuke x2, Terran Infantry Armor Level 3  
  200  13:23  Sensor Tower, Missile Turret  
  200  13:26  Orbital Command  
  200  13:29  Starport, Fusion Core  
  200  13:32  Command Center  
  200  13:42  Command Center  
  200  13:43  Orbital Command  
  200  13:47  Command Center  
  199  14:03  Marine  
  198  14:20  Marauder  
  198  14:28  Advanced Ballistics  
  196  14:34  Marauder x2  
  198  14:40  Command Center  
  198  14:44  Command Center, Marine  
  160  14:50  Viking x4  
  160  14:51  Command Center  
  161  14:55  Viking  
  161  14:58  Ghost x6  
  160  15:01  Marine x3  
  160  15:02  Marine  
  162  15:18  Marine x2  
  162  15:19  Marine  
  162  15:20  Viking x2, Marine  
  170  15:27  Marauder x2, Marine x4  
  184  15:28  Viking x2  
  182  15:36  Marine x3  
  182  15:38  Marine  
  144  15:50  Viking x2  
  134  15:59  Ghost x4  
  134  16:00  Marine x5  
  134  16:01  Marauder  
  138  16:05  Liberator  
  138  16:06  Liberator x4  
  138  16:12  SCV x5  
  138  16:17  Marine  
  138  16:18  Marine x4  
  148  16:22  Marine  
  148  16:24  SCV  
  148  16:25  SCV  
  156  16:28  Marine x4  
  160  16:35  Marine x4  
  160  16:36  Marauder  
  166  16:40  Marauder  
  166  16:45  Marine  
  166  16:46  Marauder, Marine x2  
  173  16:48  Liberator  
  173  16:53  Marine x4  
  174  16:57  Marauder  
  158  17:02  Marauder  
  158  17:03  Marine x2  
  158  17:04  Marauder  
  158  17:08  Marauder  
  156  17:11  Marine x4  
  156  17:13  Viking x4  
  156  17:19  Marauder  
  156  17:22  Marauder x2  
  144  17:23  Marauder  
  144  17:25  Marine  
  144  17:26  Planetary Fortress  
  144  17:29  Marauder, Marine  
  150  17:31  Marine  
  142  17:39  Marine  
  142  17:40  Marauder  
  142  17:43  Marauder, Viking x4  
  142  17:44  Marauder, Marine  
  155  17:47  Marine  
  155  17:49  Marauder, Marine  
  157  18:00  Marine  
  157  18:01  Marauder  
  157  18:02  Marauder, Marine  
  157  18:04  Marauder, Marine  
  162  18:08  Marine  
  162  18:09  Marauder  
  162  18:10  Marine  
  162  18:11  Marauder  
Tags
 
Add a new tag
Caveats
  • Supply blocks, unpowered buildings, or Contaminate may cause inaccurate times.
  • Supply counts are checked every 10 seconds.